 Dungeon Crawl Stone Soup version 0.22-a0-185-ge330310 (webtiles) character file.

72 MatthieuS the Chucker (level 4, -3/41 HPs)
             Began as a Troll Arcane Marksman on Feb 15, 2018.
             Slain by a goblin
             ... wielding a +0 club
             ... led by Robin
              (7 damage)
             ... on level 2 of the Dungeon.
             The game lasted 00:02:49 (696 turns).

MatthieuS the Chucker (Troll Arcane Marksman)        Turns: 696, Time: 00:02:51

Health: -3/41      AC:  5    Str: 18    XL:     4   Next: 7%
Magic:  4/4        EV: 10    Int:  9    God:
Gold:   104        SH:  0    Dex: 11    Spells: 4/5 levels left

rFire    . . .     SeeInvis .     - Unarmed
rCold    . . .     Gourm    +   (no shield)
rNeg     . . .     Faith    .   a - +0 robe
rPois    .         Spirit   .   (helmet restricted)
rElec    .         Reflect  .   (no cloak)
rCorr    .         Harm     .   (gloves unavailable)
MR       .....                  (boots unavailable)
Stlth    +.........             (no amulet)
HPRegen  0.53/turn              (no ring)
MPRegen  0.09/turn              (no ring)

@: lethally poisoned (-3 -> -5)
A: large, unfitting armour, claws 3, fast metabolism 3, gourmand, regeneration
1, shaggy fur 1, tough skin 2
a: no special abilities


You were on level 2 of the Dungeon.
You were completely stuffed.

You visited 1 branch of the dungeon, and saw 2 of its levels.

You collected 104 gold pieces.

Inventory:

Missiles
 c - 4 large rocks (quivered)
 d - 2 throwing nets
 e - 32 stones
Armour
 a - a +0 robe (worn)
Jewellery
 j - an uncursed ring of flight {unknown}
 l - an uncursed amulet of guardian spirit {unknown}
Scrolls
 g - 3 scrolls of identify {unknown}
 h - 2 scrolls of remove curse {unknown}
 i - a scroll of fog {unknown}
 m - a scroll of teleportation {unknown}
 n - a scroll of fear {unknown}
 o - a scroll of immolation {unknown}
Books
 b - a book of Debilitation

   Spells                             Type                      Level
   a - Corona                         Hexes                        1
   b - Slow                           Hexes                        2
   c - Inner Flame                    Hexes/Fire                   3
   d - Portal Projectile              Hexes/Translocation          3
   e - Cause Fear                     Hexes                        4
   f - Leda's Liquefaction            Hexes/Earth                  4
Comestibles
 f - 5 rations
 k - 12 chunks of flesh


   Skills:
 + Level 1.3 Fighting
 + Level 2.3 Throwing
 + Level 2.0 Dodging
 + Level 1.3 Unarmed Combat
 + Level 1.3 Spellcasting
 + Level 2.2 Hexes


You had 4 spell levels left.
You knew the following spells:

 Your Spells              Type           Power        Failure   Level  Hunger
a - Corona                Hex            #......      14%         1    ##.....


Dungeon Overview and Level Annotations

Branches:
Dungeon (2/15)

Altars:
Ashenzari

Annotations:
D:2 Robin


Innate Abilities, Weirdness & Mutations

You are too large for most types of armour.
You have claws for hands.
Your metabolism is lightning-fast.
You like to eat raw meat.
Your natural rate of healing is unusually fast.
You are covered in fur. (AC +1)
You have very tough skin. (AC +2)


Message History

You feel sick. Robin throws the goblin at you! The goblin hits you.
The goblin closely misses you. The goblin hits you but does no damage.
You closely miss the goblin.
The goblin is moderately wounded.
You feel sick. The goblin hits you but does no damage.
The goblin closely misses you.
You scratch the goblin but do no damage.
The goblin is moderately wounded.
You feel sick. The goblin closely misses you. Robin throws the goblin at you!
The goblin hits you with a club!
* * * LOW HITPOINT WARNING * * *
The goblin hits you but does no damage. The goblin closely misses you.
You barely miss the goblin.
The goblin is moderately wounded.
You feel sick.
The goblin no longer looks unusually strong. x2
Robin roars a battlecry!
The goblins go into a battle-frenzy!
The goblin hits you with a club!
You die...

........)..##..........
..#.###%..## #..##.# #.
#.....).#.####.###.####
##....#.._.............
##...#.#.#..####......
#.#..).)..###...####.
..###.###.###.....### #.
>....g###g###...########.
.....ggg@g...............
..#######g###.....#######
#######.#...รท......##
#.<.................##
#########...........)#
#..........<.#
#............#
##..[.......##
##...##...##


You could see Robin, 2 hobgoblins and 4 goblins.

Vanquished Creatures
  2 adders (D:2)
  A dart slug (D:2)
  3 leopard geckos (D:1)
  3 giant cockroaches
  10 goblins
  7 hobgoblins
  3 jackals (D:2)
  6 kobolds
  A ball python (D:1)
  4 bats (D:1)
  2 frilled lizards
  3 rats
45 creatures vanquished.

Notes
Turn   | Place    | Note
-------+----------+-------------------------------------------
     0 | D:1      | MatthieuS the Troll Arcane Marksman began the quest for the Orb.
     0 | D:1      | Reached XP level 1. HP: 18/18 MP: 1/1
    89 | D:1      | Reached XP level 2. HP: 23/26 MP: 2/2
   134 | D:1      | Reached skill level 1 in Fighting
   298 | D:1      | Reached skill level 1 in Unarmed Combat
   366 | D:1      | Reached XP level 3. HP: 33/33 MP: 3/3
   555 | D:2      | Found a shattered altar of Ashenzari.
   674 | D:2      | Reached XP level 4. HP: 41/41 MP: 4/4
   683 | D:2      | Noticed Robin
   696 | D:2      | Slain by a goblin

Vault maps used:
D:1:      roderic_chinese_lattice_arrival, serial_glass, glass_columns_b,
          glass_columns_b
D:2:      nicolae_tso_carved_into_rock, ashenzari_altar_1,
          uniq_crazy_yiuf_cottage, uniq_robin, uniq_sigmund

Skill      XL: |  1  2  3 |
---------------+----------+-----
Throwing       | 2 |  2.3
Fighting       | 1 |  1.3
Unarmed Combat | 1 |  1.3
Dodging        | 2 |  2.0
Spellcasting   | |  1.3
Hexes          | |  2.2

Action                   |  1- 3 |  4- 6 || total
-------------------------+-------+-------++-------
Melee: Unarmed           |   133 |    12 ||   145
       Punch             |     2 |       ||     2
  Eat: Chunk             |    11 |     1 ||    12
Armor: Robe              |    48 |     4 ||    52
Dodge: Dodged            |    79 |    11 ||    90

Table legend:
 A = Spawn XP
 B = Non-spawn XP
 C = Spawn XP percentage of total XP
 D = Spawn monster count
 E = Non-spawn monster count
 F = Spawn count percentage of total count
 G = Total turns spent on level
                    A         B        C        D         E        F      G
               +---------+---------+-------+---------+---------+-------+---------
         Total |       0 |     104 |   0.0 |       0 |      45 |   0.0 |   696
               +---------+---------+-------+---------+---------+-------+---------
           D:1 |       0 |      44 |   0.0 |       0 |      25 |   0.0 |   518
           D:2 |       0 |      60 |   0.0 |       0 |      20 |   0.0 |   178
               +---------+---------+-------+---------+---------+-------+---------
